 Dungeon Crawl Stone Soup version 0.31-a0-977-gc230f8ef24 (webtiles) character file.

Game seed: 16054836560992802952

480 BinkBink the Ruffian (level 6, -2/62 HPs)
             Began as a Troll Monk on Oct 29, 2023.
             Slain by a killer bee (6 damage)
             ... on level 5 of the Dungeon.
             The game lasted 00:04:43 (2913 turns).

BinkBink the Ruffian (Troll Monk)                   Turns: 2913, Time: 00:04:45

Health: -2/62      AC:  4    Str: 20    XL:     6   Next: 86%
Magic:  5/5        EV: 11    Int:  6    God:
Gold:   298        SH:  0    Dex: 14    Spells: 5/5 levels left

rFire   . .          .
                       - Unarmed
rCold   . . .        c - orb {light}
rNeg    . . .        a - +0 robe
rPois   .            (helmet restricted)
rElec   .            (no cloak)
rCorr   .            (gloves unavailable)
SInv    .            (boots unavailable)
Will    .....        (no amulet)
Stlth   +            (no ring)
HPRegen 1.10/turn    (no ring)
MPRegen 0.09/turn

%: no passive effects
@: lethally poisoned (-2 -> -5), glowing
A: large, unfitting armour, claws 3, regeneration 1, shaggy fur 1, tough skin 1
a: no special abilities


You were on level 5 of the Dungeon.
You visited 1 branch of the dungeon, and saw 5 of its levels.
You also visited: Sewer.

You collected 298 gold pieces.

Inventory:

Missiles
 b - a throwing net
Armour
 a - a +0 robe (worn)
 c - an orb of light (worn)
Jewellery
 d - a ring of magical power
Wands
 p - a wand of flame (19)
Scrolls
 e - 2 scrolls of torment
 f - 3 scrolls of teleportation
 h - a scroll of amnesia
 i - a scroll of poison
 j - a scroll of fog
 k - 3 scrolls of revelation
 n - a scroll of vulnerability {unknown}
Potions
 l - a potion of might {unknown}
 o - a potion of magic {unknown}
 q - a potion of berserk rage {unknown}
 r - a potion of heal wounds {unknown}
 s - a potion of mutation {unknown}


   Skills:
 + Level 3.8 Fighting
 + Level 3.8 Dodging
 * Level 5.9 Unarmed Combat


You had 5 spell levels left.
You didn't know any spells.
Your spell library contained the following spells:

 Spells                   Type           Power      Damage    Failure   Level
 Magic Dart               Conj           0%         1d3       45%         1
 Slow                     Hex            0%         N/A       45%         1
 Call Imp                 Summ           0%         N/A       58%         2
 Poisonous Vapours        Pois/Air       0%         N/A       58%         2
 Confusing Touch          Hex            0%         N/A       83%         3
 Mephitic Cloud           Conj/Pois/Air  0%         N/A       83%         3
 Sigil of Binding         Hex            0%         N/A       83%         3
 Vampiric Draining        Necr           0%         2d6       83%         3
 Freezing Cloud           Conj/Ice/Air   0%         6-21      100%        5


Dungeon Overview and Level Annotations

Branches:
Dungeon (5/15)             Temple (0/1) D:5           Sewer (visited)

Altars:

Annotations:
D:5 ongoing's ghost, novice DgGl


Innate Abilities, Weirdness & Mutations

You are too large for most types of armour.
You have claws for hands.
Your natural rate of healing is unusually fast.
You are covered in fur. (AC +1)
You have tough skin. (AC +1)


Message History

The killer bee barely misses you.
A shadow imp comes into view.
It was a potion of curing.
You feel better.
The shadow imp shouts!
You hear a shout!
The killer bee stings you. The killer bee closely misses you.
The killer bee stings you but does no damage.
The killer bee misses you. The killer bee stings you.
The killer bee closely misses you. The killer bee stings you.
You are poisoned.
The killer bee poisons you!
You feel very sick. The killer bee stings you.
The killer bee stings you but does no damage. x2
The killer bee barely misses you. The killer bee stings you. x2
* * * LOW HITPOINT WARNING * * *
You are more poisoned.
The killer bee poisons you!
You feel very sick.
The killer bee attacks as it pursues you!
The killer bee completely misses you. The killer bee stings you.
* * * LOW HITPOINT WARNING * * *
The killer bee stings you but does no damage.
You feel better. The killer bee barely misses you. x2
The killer bee closely misses you. The killer bee barely misses you.
The killer bee stings you but does no damage.
The killer bee barely misses you.
Found 16 gold pieces.
The killer bee stings you.
* * * LOW HITPOINT WARNING * * *
The killer bee closely misses you. The killer bee stings you!
* * * LOW HITPOINT WARNING * * *
The killer bee completely misses you.
There is a staircase to the Ecumenical Temple, spattered with blood here.
The killer bee stings you.
* * * LOW HITPOINT WARNING * * *
You are poisoned.
The killer bee poisons you! The killer bee barely misses you.
The killer bee stings you.
* * * LOW HITPOINT WARNING * * *
The killer bee stings you.
You die...

######.#####.# .# . #
#.......##.# #.#.# .#
###(......##.##....##.#
..........##.#..# ....#
###.......##....# $...#
###.......#...5###....#
......................#
...####......#.yyy.#.
...# #....###.y@..#
...# #......#.y...#
...# #................
...# #........###...##
...# #.........# ..##
...# #.........# .##
#### #########.. #


You could see 5 killer bees and a shadow imp.

Vanquished Creatures
  A water moccasin (Sewer)
  A black bear (D:5)
  A phantom (D:5)
  A hound (D:4)
  An orc priest (D:4)
  Jessica (D:2)
  An iguana (D:5)
  3 gnolls (D:2)
  3 worms
  2 dart slugs
  4 orcs (D:4)
  An endoplasm (D:1)
  3 giant cockroaches
  3 goblins
  3 hobgoblins
  8 jackals
  2 quokkas (D:2)
  7 ball pythons
  3 frilled lizards
  6 kobolds
  4 rats
59 creatures vanquished.

Notes
Turn   | Place    | Note
-------+----------+-------------------------------------------
     0 | D:1      | BinkBink the Troll Monk began the quest for the Orb.
     0 | D:1      | Reached XP level 1. HP: 22/22 MP: 0/0
   776 | D:2      | Noticed Jessica
   810 | D:2      | Killed Jessica
   811 | D:2      | Reached XP level 2. HP: 23/29 MP: 1/1
   811 | D:2      | Reached XP level 3. HP: 29/36 MP: 2/2
   897 | D:2      | Reached skill level 4 in Unarmed Combat
  1028 | D:2      | Found a faded altar of an unknown god.
  1304 | D:3      | Reached XP level 4. HP: 44/44 MP: 3/3
  1377 | D:3      | Identified the +4 mace "Leviticus" {flame, rF+ rC+ Will+}
  1729 | D:3      | Found a glowing drain.
  1739 | Sewer    | Entered a sewer
  1797 | Sewer    | Noticed a water moccasin
  1813 | Sewer    | Killed a water moccasin
  1814 | Sewer    | Reached XP level 5. HP: 28/53 MP: 4/4
  2345 | D:4      | Reached skill level 5 in Unarmed Combat
  2422 | D:4      | Reached XP level 6. HP: 58/61 MP: 5/5
  2835 | D:5      | Entered Level 5 of the Dungeon
  2854 | D:5      | Noticed ongoing's ghost (novice DgGl)
  2902 | D:5      | Found a staircase to the Ecumenical Temple.
  2913 | D:5      | Slain by a killer bee

Illustrated notes

Levels and vault maps discovered:
D:1:      dpeg_arrival_signposts, layout_basic
D:2:      layout_rooms, shapermc_ecumenical_altar_petra, uniq_jessica
D:3:      cheibrodos_old_hovel, layout_basic, cheibrodos_sewer_entry_bend,
          kennysheep_generic_room_16
D:4:      layout_cave_pools, st_stairs_5, corexii_shack,
          dreamdust_princess_bridge, minmay_fountain_box,
          chequers_serial_rivers_room_b
D:5:      layout_basic, minmay_temple_entry_tees, gammafunk_ghost_stat_death

Skill      XL: |  1  2  3  4  5 |
---------------+----------------+-----
Unarmed Combat | 4 5 |  5.9
Fighting       | 3 |  3.8
Dodging        | 3 |  3.8

Action                     |  1- 3 |  4- 6 || total
---------------------------+-------+-------++-------
  Melee: Unarmed           |    34 |    64 ||    98
         Mace              |       |    23 ||    23
    Use: Potion            |       |     5 ||     5
         Scroll            |       |     6 ||     6
 Armour: Robe              |    14 |    92 ||   106
         Skin              |       |    13 ||    13
  Dodge: Dodged            |     9 |    70 ||    79

Table legend: (Time is in decaauts)
 A = Elapsed time spent in this place.
 B = Non-inter-level travel time spent in this place.
 C = Inter-level travel time spent in this place.
 D = Time resting spent in this place.
 E = Time spent auto-exploring this place.
 F = Levels seen in this place.
 G = Mean time per level.
                   A        B        C        D        E       F      G
               +--------+--------+--------+--------+--------+-----+--------+
         Total |   2918 |   2705 |    213 |     37 |   1973 |   6 |  486.3 |
       Dungeon |   2727 |   2514 |    213 |      0 |   1895 |   5 |  545.4 |
         Sewer |    190 |    190 |      0 |     37 |     78 |   1 |  190.0 |
               +--------+--------+--------+--------+--------+-----+--------+

Top non-repeatable levels by time:
     D:3: 824 daAuts
     D:1: 775 daAuts
     D:4: 560 daAuts
     D:2: 491 daAuts
   Sewer: 190 daAuts
     D:5: 76 daAuts
